 Dungeon Crawl Stone Soup version 0.22.1-1-ga44c0e5 (webtiles) character file.

56 MalarOregon the Chiller (level 3, 0/24 HPs)
             Began as a Merfolk Ice Elementalist on Nov 12, 2018.
             Killed from afar by a dart slug (4 damage)
             ... with a slug dart
             ... on level 2 of the Dungeon.
             The game lasted 00:03:07 (1062 turns).

MalarOregon the Chiller (Merfolk Ice Elementalist)  Turns: 1062, Time: 00:03:08

Health: 0/24       AC:  2    Str:  8    XL:     3   Next: 95%
Magic:  3/7        EV: 13    Int: 15    God:
Gold:   48         SH:  0    Dex: 14    Spells: 6/7 levels left

rFire    + . .     SeeInvis .   b - +0 spear
rCold    . . .     Gourm    .   (no shield)
rNeg     . . .     Faith    .   a - +0 robe
rPois    .         Spirit   .   (no helmet)
rElec    .         Reflect  .   (no cloak)
rCorr    .         Harm     .   (no gloves)
MR       .....                  (no boots)
Stlth    ++........             (no amulet)
HPRegen  0.08/turn              i - ring of protection from fire
MPRegen  0.10/turn              (no ring)

@: no status effects
A: change form in water, swift swim, stealthy swim
a: no special abilities


You were on level 2 of the Dungeon.
You were not hungry.

You visited 1 branch of the dungeon, and saw 2 of its levels.

You collected 48 gold pieces.

Inventory:

Hand Weapons
 b - a +0 spear (weapon)
   (You found it on level 1 of the Dungeon)
Armour
 a - a +0 robe (worn)
Jewellery
 i - a ring of protection from fire (left hand)
   (You found it on level 1 of the Dungeon)
Potions
 c - a potion of brilliance
 h - a potion of lignification {!q}
Comestibles
 e - 4 rations {!d}


   Skills:
 - Level 2.6 Dodging
 - Level 2.1 Stealth
 + Level 2.6 Spellcasting
   Level 0.7 Conjurations
 * Level 4.7 Ice Magic


You had 6 spell levels left.
You knew the following spells:

 Your Spells              Type           Power        Failure   Level  Hunger
a - Freeze                Ice            ###.         3%          1    #......

Your spell library contained the following spells:

 Spells                   Type           Power        Failure   Level  Hunger
 Throw Frost              Conj/Ice       ##....       11%         2    ##.....
 Ozocubu's Armour         Chrm/Ice       #.......     24%         3    ###....
 Throw Icicle             Conj/Ice       ##......     56%         4    #####..
 Summon Ice Beast         Ice/Summ       #.......     61%         4    #####..


Dungeon Overview and Level Annotations

Branches:
Dungeon (2/15)

Altars:


Message History

You freeze the adder. The adder bites you.
You are poisoned.
The adder poisons you! The adder misses you.
You hit the adder but do no damage.
You feel sick. The adder barely misses you.
You hit the adder.
You feel sick. The adder misses you.
You hit the adder.
You kill the adder!
You feel sick.
You see here an adder corpse.
You butcher the adder corpse.
d - a chunk of flesh You feel sick.
e - 4 rations {!d} (gained 1)
You feel sick.
You start resting.
Eating a chunk of flesh.
You eat the chunk of flesh.
You feel sick. x3
You are no longer poisoned.
You start resting.
You start resting.
A gnoll comes into view. It is wielding a spear.
You are too injured to fight recklessly!
Things that are here:
a short sword; a kobold corpse A gnoll is nearby!
You start resting.
The gnoll is too close now for your liking.
Aim: a gnoll, wielding a spear (hasn't noticed you)
You freeze the gnoll.
The gnoll shouts!
You hear a shout!
The gnoll hits you but does no damage.
Aim: a gnoll, wielding a spear (heavily wounded)
You freeze the gnoll. The gnoll barely misses you.
Aim: a gnoll, wielding a spear (severely wounded)
You freeze the gnoll.
You kill the gnoll!
A gnoll comes into view. It is wielding a flail of protection.
You see here a spear.
Attack whom?
Aim: a gnoll, wielding a flail of protection You reach to attack!
You closely miss the gnoll.
A gnoll comes into view. It is wielding a spear.
Aim: a gnoll, wielding a flail of protection You freeze the gnoll.
The gnoll hits you with a flail of protection!
* * * LOW HITPOINT WARNING * * *
A dart slug comes into view.
Found a stone staircase leading down.
The dart slug launches a dart at you. The slug dart hits you!
You die...

#.. .....# ..##....>#
##...#.....# . ........#
#.........# #.#.......#
........... #.........####
..<...........##@##........
.................g.........
.................##.###### ####
............w.....#..###### ...
..................##().)..###.#
..................#######.....#
........>.......### ##.)...##
.....##.....###. #.......#
..#### .. #. ###.......#


You could see a gnoll and a dart slug.

Vanquished Creatures
  A gnoll (D:2)
  2 adders (D:2)
  3 bats (D:1)
  3 giant cockroaches (D:1)
  3 goblins (D:1)
  5 hobgoblins
  2 kobolds
  A frilled lizard (D:1)
  5 rats
  3 plants (D:1)
28 creatures vanquished.

Notes
Turn   | Place    | Note
-------+----------+-------------------------------------------
     0 | D:1      | MalarOregon the Merfolk Ice Elementalist began the quest
                  | for the Orb.
     0 | D:1      | Reached XP level 1. HP: 13/13 MP: 3/3
    93 | D:1      | Reached XP level 2. HP: 18/19 MP: 1/5
   214 | D:1      | Reached skill level 4 in Ice Magic
   899 | D:2      | Reached XP level 3. HP: 19/24 MP: 1/6
  1062 | D:2      | Killed from afar by a dart slug

Skill      XL: |  1  2 |
---------------+-------+-----
Ice Magic      | 4 |  4.7
Dodging        | |  2.6
Stealth        | |  2.1
Spellcasting   | |  2.6
Conjurations   | |  0.7

Action                   || total
-------------------------++-------
Melee: Spear             ||   381
 Cast: Freeze            ||    35
  Use: Scroll            ||     3
 Stab: Sleeping          ||     5
  Eat: Chunk             ||     2
Armor: Robe              ||     4
Dodge: Dodged            ||    34
